 Dungeon Crawl Stone Soup version 0.27-a0-562-g0d39f094a4 (webtiles) character file.

Game seed: 16926407609987013691

4 porpoise the Sneak (level 1, -2/20 HPs)
             Began as a Minotaur Delver on Mar 9, 2021.
             Slain by a kobold brigand
             ... wielding a +0 dagger
              (8 damage)
             ... on level 5 of the Dungeon.
             The game lasted 00:00:49 (84 turns).

porpoise the Sneak (Minotaur Delver)                  Turns: 84, Time: 00:00:49

Health: -2/20      AC:  3    Str: 16    XL:     1   Next: 58%
Magic:  0/0        EV: 11    Int:  7    God:
Gold:   5          SH:  0    Dex: 11    Spells: 0/0 levels left

rFire    . . .     SeeInvis .   a - +0 mace
rCold    . . .     Faith    .   (no shield)
rNeg     . . .     Spirit   .   b - +0 leather armour
rPois    .         Reflect  .   (helmet restricted)
rElec    .         Harm     .   (no cloak)
rCorr    .         Rampage  .   (no gloves)
Will     .....                  (no boots)
Stlth    ++........             (no amulet)
HPRegen  0.06/turn              (no ring)
MPRegen  0.07/turn              (no ring)

@: no status effects
A: horns 2, retaliatory headbutt
a: no special abilities


You were on level 5 of the Dungeon.
You visited 1 branch of the dungeon, and saw 1 of its levels.

You collected 5 gold pieces.

Inventory:

Hand Weapons
 a - a +0 mace (weapon)
Armour
 b - a +0 leather armour (worn)
Wands
 g - a wand of digging (3)
Scrolls
 c - a scroll of fog
 d - a scroll of magic mapping
 e - a scroll of fear
Potions
 f - a potion of haste


   Skills:
 + Level 3.8 Fighting
 + Level 2.7 Maces & Flails
 - Level 2.1 Dodging
 - Level 4.1 Stealth


You couldn't memorise any spells.
You didn't know any spells.
Your spell library was empty.

Dungeon Overview and Level Annotations

Branches:
Dungeon (5/15)
 Temple: D:4-7

Altars:


Innate Abilities, Weirdness & Mutations

You have a pair of horns on your head.
You reflexively headbutt those who attack you in melee.


Message History

You start resting.
A kobold brigand is nearby!
Things that are here:
a +0 short sword; an orc corpse You start resting.
A rat comes into view.
You start resting.
A rat is nearby!
The kobold brigand throws a throwing net.
The throwing net hits you.
You become entangled in the net!
You struggle against the net.
You tear a large gash into the net.
The rat bites you but does no damage.
You shred the net and break free! The rat closely misses you.
You hit the rat.
You kill the rat!
The kobold brigand throws a throwing net.
The throwing net barely misses you.
The kobold brigand hits you but does no damage.
You see here a rat corpse.
You closely miss the kobold brigand.
Your headbutt misses the kobold brigand.
The kobold brigand hits you with a +0 dagger.
The kobold brigand barely misses you.
You barely miss the kobold brigand. You headbutt the kobold brigand.
The kobold brigand is lightly wounded.
The kobold brigand barely misses you.
An orc comes into view. It is wielding a +0 hand axe.
You hit the kobold brigand.
You headbutt the kobold brigand, but do no damage.
The kobold brigand is moderately wounded.
The kobold brigand barely misses you.
You closely miss the kobold brigand. You headbutt the kobold brigand!
The kobold brigand is severely wounded.
The kobold brigand hits you with a +0 dagger.
You closely miss the kobold brigand.
The kobold brigand is severely wounded.
The kobold brigand hits you with a +0 dagger.
* * * LOW HITPOINT WARNING * * *
The kobold brigand hits you with a +0 dagger!
You die...

...$..... .##
#....(..###.. . #
#........... .. ..
#........ .#.# ...
#......###...
K.÷.##.........##
§§.K.........(..##
#..).)...K@(#
#...........#
#...........#
#...........#
#######.....o.....#
...>................
.....................
.#..............####.
###.#.#.#....##


You could see a kobold brigand and an orc.

Vanquished Creatures
  An orc (D:5)
  2 kobolds (D:5)
  A rat (D:5)
4 creatures vanquished.

Vanquished Creatures (others)
  15 plants (D:5)
15 creatures vanquished.

Grand Total: 19 creatures vanquished

Notes
Turn   | Place    | Note
-------+----------+-------------------------------------------
     0 | D:5      | porpoise the Minotaur Delver began the quest for the Orb.
     0 | D:5      | Reached XP level 1. HP: 19/19 MP: 0/0
    14 | D:5      | Noticed a kobold brigand
    84 | D:5      | Slain by a kobold brigand

Illustrated notes

Levels and vault maps discovered:
D:5:      layout_rooms, serial_curves, eino_curves_01, eino_curves_04,
          lexackson_kobold_supper

Action                   || total
-------------------------++-------
Melee: Mace              ||     9
       Headbutt          ||     4
Armor: Leather armour    ||     2
Dodge: Dodged            ||     8

Table legend: (Time is in decaauts)
 A = Elapsed time spent in this place.
 B = Non-inter-level travel time spent in this place.
 C = Inter-level travel time spent in this place.
 D = Time resting spent in this place.
 E = Time spent auto-exploring this place.
 F = Levels seen in this place.
 G = Mean time per level.
                   A        B        C        D        E       F      G
               +--------+--------+--------+--------+--------+-----+--------+
         Total |     86 |     86 |      0 |     28 |      1 |   1 |   86.0 |
       Dungeon |     86 |     86 |      0 |     28 |      1 |   1 |   86.0 |
               +--------+--------+--------+--------+--------+-----+--------+

Top non-repeatable levels by time:
     D:5: 86 daAuts
